 Dungeon Crawl Stone Soup version 0.25.0-11-g1f837a76a1 (console) character file.

Game seed: 17315858274826009950

123 bli the Insei (level 4, -4/36 HPs)
             Began as a Draconian Transmuter on June 27, 2020.
             Slain by a gnoll
             ... wielding a +0 spear
              (10 damage)
             ... on level 3 of the Dungeon.
             The game lasted 00:06:10 (2599 turns).

bli the Insei (Draconian Transmuter)                Turns: 2599, Time: 00:06:11

Health: -4/36      AC:  9    Str: 12    XL:     4   Next: 80%
Magic:  2/7        EV: 12    Int: 13    God:
Gold:   171        SH:  0    Dex: 13    Spells: 4/7 levels left

rFire    . . .     SeeInvis .     - Unarmed
rCold    . . .     Gourm    .   (no shield)
rNeg     . . .     Faith    .   (armour unavailable)
rPois    .         Spirit   .   (helmet restricted)
rElec    .         Reflect  .   (no cloak)
rCorr    +         Harm     .   (no gloves)
MR       .....                  (no boots)
Stlth    +.........             (no amulet)
HPRegen  0.12/turn              i - ring of resist corrosion
MPRegen  0.10/turn              o - +4 ring of protection

@: very slightly contaminated
A: unfitting armour, cold-blooded, AC +5
a: no special abilities


You were on level 3 of the Dungeon.
You were not hungry.

You visited 1 branch of the dungeon, and saw 3 of its levels.

You collected 171 gold pieces.

Inventory:

Missiles
 a - 59 arrows
 b - 140 stones (quivered)
 k - 3 boomerangs
 s - 5 poisoned darts
Armour
 u - a +2 tower shield
Jewellery
 i - a ring of resist corrosion (left hand)
 o - a +4 ring of protection (right hand)
 r - an uncursed ring of see invisible {unknown}
Scrolls
 d - a scroll of teleportation {unknown}
 f - 3 scrolls of magic mapping {unknown}
 j - a scroll of remove curse {unknown}
 l - 3 scrolls of identify {unknown}
 q - a scroll of fear {unknown}
 t - a scroll of amnesia {unknown}
Potions
 e - a potion of might {unknown}
 g - 3 potions of curing {unknown}
 h - 3 potions of stabbing {unknown}
 m - a potion of brilliance {unknown}
 p - a potion of degeneration {unknown}
Comestibles
 c - 5 rations
 n - 2 chunks of flesh


   Skills:
 * Level 2.0 Fighting
 + Level 2.2 Dodging
 + Level 4.7 Unarmed Combat
 + Level 2.4 Spellcasting
 - Level 2.0 Transmutations


You had 4 spell levels left.
You knew the following spells:

 Your Spells              Type           Power        Failure   Level  Hunger
a - Beastly Appendage     Tmut           #.....       11%         1    #......
b - Sticks to Snakes      Tmut           #.......     16%         2    ###....

Your spell library contained the following spells:

 Spells                   Type           Power        Failure   Level  Hunger
 Animate Skeleton         Necr           N/A          24%         1    #......
 Apportation              Tloc           #.....       24%         1    #......
 Corona                   Hex            #......      24%         1    #......
 Summon Small Mammal      Summ           #...         24%         1    #......
 Spider Form              Tmut/Pois      #.........   43%         3    ###....
 Ice Form                 Ice/Tmut       #.......     85%         4    #####..
 Blade Hands              Tmut           #.........   96%         5    ######.


Dungeon Overview and Level Annotations

Branches:
Dungeon (3/15)

Altars:
Xom


Innate Abilities, Weirdness & Mutations

Your plain brown scales are hard. (AC +5)
You cannot fit into any form of body armour.
You are cold-blooded and may be slowed by cold attacks.


Message History

Your ball python withers and dies!
Throwing (i - inventory. (/) - cycle)
b - 143 stones (quivered)
Press: ? - help, Shift-Dir - straight line, f/p - gnoll
Aim: a gnoll, wielding a +0 spear (almost dead)
You throw a stone.
The stone hits the gnoll but does no damage.
The gnoll is almost dead.
Throwing (i - inventory. (/) - cycle)
b - 142 stones (quivered)
Press: ? - help, Shift-Dir - straight line, f/p - gnoll
Aim: a gnoll, wielding a +0 spear (almost dead)
You throw a stone. The stone barely misses the gnoll.
Throwing (i - inventory. (/) - cycle)
b - 141 stones (quivered)
Press: ? - help, Shift-Dir - straight line, f/p - gnoll
Aim: a gnoll, wielding a +0 spear (almost dead)
You throw a stone. The stone barely misses the gnoll.
The gnoll misses you.
You hit the gnoll but do no damage. You punch the gnoll, but do no damage.
The gnoll is almost dead.
The gnoll hits you with a +0 spear!
You die...

.##########......... ##
########.......#
###.......#.......#
..#.......##÷####.#
..#.......##.## #.#
..#...........###.# #
..#####.........#.###.#
..# #.........#.... ..#
#.........#..# ..#
#......#..#..#
..#####.....##..@..##.#
..........####.g#.....#
......................#
..%..........)..#........
............(.....#######
..†)...........#..#
..........(.......#
..................#
.........##.....#>#
.........##.....#.#
.........###....#.#


You could see a gnoll.

Vanquished Creatures
  A howler monkey (D:3)
  A gnoll (D:3)
  2 dart slugs
  2 leopard geckos (D:2)
  2 giant cockroaches
  10 goblins
  2 hobgoblins (D:1)
  A quokka (D:3)
  2 ball pythons
  7 bats
  3 frilled lizards
  7 kobolds
  4 rats
44 creatures vanquished.

Vanquished Creatures (collateral kills)
  3 adders
  A gnoll (D:3)
  A leopard gecko (D:3)
  A kobold (D:3)
6 creatures vanquished.

Grand Total: 50 creatures vanquished

Notes
Turn   | Place    | Note
-------+----------+-------------------------------------------
     0 | D:1      | bli the Draconian Transmuter began the quest for the Orb.
     0 | D:1      | Reached XP level 1. HP: 16/16 MP: 3/3
   236 | D:1      | Reached XP level 2. HP: 23/23 MP: 3/5
   250 | D:1      | Learned a level 2 spell: Sticks to Snakes
  1301 | D:2      | Reached skill level 4 in Unarmed Combat
  1528 | D:2      | Reached XP level 3. HP: 24/28 MP: 6/6
  1867 | D:2      | Found a shadowy altar of Dithmenos.
  1869 | D:2      | Found a shimmering blue altar of Sif Muna.
  1869 | D:2      | Found a shimmering altar of Xom.
  1871 | D:2      | Found a shimmering blue altar of Sif Muna.
  1871 | D:2      | Found an iron altar of Okawaru.
  1871 | D:2      | Found a glowing golden altar of the Shining One.
  2247 | D:3      | Reached XP level 4. HP: 20/35 MP: 7/7
  2599 | D:3      | Slain by a gnoll

Illustrated notes

Levels and vault maps discovered:
D:1:      saegor_arrival_simple_a, layout_basic, minmay_domino_2
D:2:      layout_basic, first_ration, doesnt_xom_only_xom
D:3:      layout_basic, hangedman_glass_teeth, kennysheep_orc_chapel

Skill      XL: |  1  2  3  4 |
---------------+-------------+-----
Unarmed Combat | 4 |  4.7
Dodging        | 2 |  2.2
Fighting       | 2 |  2.0
Spellcasting   | |  2.4
Transmutations | |  2.0

Action                   |  1- 3 |  4- 6 || total
-------------------------+-------+-------++-------
Melee: Unarmed           |   100 |    37 ||   137
       Tailslap          |     7 |     3 ||    10
       Headbutt          |     4 |     1 ||     5
       Kick              |     4 |       ||     4
       Punch             |       |     1 ||     1
Throw: Stone             |       |     4 ||     4
 Cast: Beastly Appendage |    17 |     1 ||    18
       Sticks to Snakes  |     3 |     6 ||     9
 Stab: Sleeping          |     1 |       ||     1
  Eat: Chunk             |     4 |     2 ||     6
Armor: Skin              |    28 |    14 ||    42
Dodge: Dodged            |    71 |    50 ||   121
